 Dungeon Crawl Stone Soup version 0.30-b1-2-g02819fbbbe (webtiles) character file.

Game seed: 1518673436267835590

270 Kold the Insei (level 6, -2/47 HPs)
             Began as a Demonspawn Monk on Dec 21, 2023.
             Slain by a scorpion (7 damage)
             ... on level 4 of the Dungeon.
             The game lasted 00:03:08 (2699 turns).

Kold the Insei (Demonspawn Monk)                    Turns: 2699, Time: 00:03:09

Health: -2/47      AC:  3    Str: 12    XL:     6   Next: 1%
Magic:  6/6        EV: 13    Int: 11    God:
Gold:   184        SH:  0    Dex: 17    Spells: 5/5 levels left

rFire   . .          .
                       - Unarmed
rCold   . . .        c - orb {light}
rNeg    . . .        a - +0 robe
rPois   .            (no helmet)
rElec   .            (no cloak)
rCorr   .            h - +0 pair of gloves
SInv    .            (no boots)
Will    .....        (no amulet)
Stlth   +            (no ring)
HPRegen 0.27/turn    (no ring)
MPRegen 0.10/turn

%: no passive effects
@: lethally poisoned (-2 -> -16), hasted, glowing, very quick
A: hooves 2, ignite blood 1, weakness stinger 1
a: no special abilities


You were on level 4 of the Dungeon.
You visited 1 branch of the dungeon, and saw 4 of its levels.

You collected 184 gold pieces.

Inventory:

Missiles
 p - a throwing net (quivered)
Armour
 a - a +0 robe (worn)
 c - an orb of light (worn)
 h - a +0 pair of gloves (worn)
Jewellery
 j - an amulet of faith
 n - an amulet of guardian spirit
 q - a ring of willpower
Wands
 t - a wand of iceblast (7)
Scrolls
 d - a scroll of amnesia
 e - 2 scrolls of teleportation {unknown}
 f - 2 scrolls of enchant weapon {unknown}
 i - a scroll of silence {unknown}
 m - a scroll of identify
 o - a scroll of butterflies {unknown}
Potions
 b - a potion of ambrosia
 g - a potion of haste
 k - a potion of resistance {unknown}
 l - a potion of curing {unknown}
 r - a potion of cancellation {unknown}
 s - a potion of attraction {unknown}


   Skills:
 + Level 3.4 Fighting
 + Level 3.3 Dodging
 + Level 0.5 Stealth
 * Level 5.5 Unarmed Combat


You had 5 spell levels left.
You didn't know any spells.
Your spell library contained the following spells:

 Spells                   Type           Power      Damage    Failure   Level
 Necrotise                Necr           0%         1d4       34%         1
 Vampiric Draining        Necr           0%         2d6       71%         3
 Agony                    Necr           0%         N/A       100%        5


Dungeon Overview and Level Annotations

Branches:
Dungeon (4/15)
 Temple: D:4-7

Altars:


Innate Abilities, Weirdness & Mutations

You have hoof-like feet.
Your demonic aura sometimes causes spilled blood to erupt in flames.
You have a small tail.


Message History

You kick the scorpion, but do no damage.
You hit the scorpion but do no damage. You kick the scorpion.
The scorpion is moderately wounded.
The scorpion closely misses you. The scorpion stings you.
You barely miss the scorpion.
The scorpion is moderately wounded.
The scorpion stings you. The scorpion barely misses you.
You hit the scorpion. You kick the scorpion.
The scorpion is heavily wounded.
The scorpion stings you.
You are poisoned.
The scorpion poisons you! The scorpion closely misses you.
You punch the scorpion!
You kill the scorpion!
You feel very sick. The scorpion stings you.
You are lethally poisoned!
The scorpion poisons you!
You have reached level 6!
You hit the scorpion but do no damage. Your kick misses the scorpion.
You feel very sick. The scorpion barely misses you.
You hit the scorpion. You kick the scorpion.
The scorpion is moderately wounded.
* * * LOW HITPOINT WARNING * * *
You feel very sick. The scorpion closely misses you.
You hit the scorpion. You kick the scorpion.
The scorpion is heavily wounded.
* * * LOW HITPOINT WARNING * * *
You feel very sick. The scorpion stings you.
* * * LOW HITPOINT WARNING * * *
You are more poisoned.
The scorpion poisons you!
You feel yourself speed up.
* * * LOW HITPOINT WARNING * * *
You feel very sick. The scorpion stings you!
You die...

..######..##
#......<...### ###
#######......#
..........#...####
######..# #.††....#
.........####.......#
.......#...##.......#
.....).###..#.......#
......†@......#######
......s#####......#
....... #...##....
....... #.†.# #.
....... #...# #####+#
#...# #.... ......
..#....


You could see a scorpion.

Vanquished Creatures
  3 scorpions
  An iguana (D:3)
  2 adders
  3 dart slugs
  5 orcs (D:2)
  7 endoplasms
  5 goblins
  5 hobgoblins
  4 kobolds
  3 ball pythons
  A bat (D:3)
  2 frilled lizards (D:1)
  4 rats
45 creatures vanquished.

Notes
Turn   | Place    | Note
-------+----------+-------------------------------------------
     0 | D:1      | Kold the Demonspawn Monk began the quest for the Orb.
     0 | D:1      | Reached XP level 1. HP: 18/18 MP: 1/1
   237 | D:1      | Reached skill level 3 in Unarmed Combat
   252 | D:1      | Discovered your monstrous ancestry.
   252 | D:1      | Gained mutation: You have large cloven feet. [demonic
                  | ancestry]
   252 | D:1      | Reached XP level 2. HP: 22/24 MP: 2/2
   310 | D:1      | Found a faded altar of an unknown god.
  1425 | D:3      | Noticed a scorpion
  1440 | D:2      | Gained mutation: You have hoof-like feet. [demonic
                  | ancestry]
  1440 | D:2      | Reached XP level 3. HP: 24/29 MP: 3/3
  2021 | D:3      | Killed a scorpion
  2022 | D:3      | Reached skill level 4 in Unarmed Combat
  2022 | D:3      | Gained mutation: You have a small tail. [demonic ancestry]
  2022 | D:3      | Reached XP level 4. HP: 31/35 MP: 4/4
  2286 | D:3      | Gained mutation: Your demonic aura sometimes causes spilled
                  | blood to erupt in flames. [demonic ancestry]
  2286 | D:3      | Reached XP level 5. HP: 13/41 MP: 5/5
  2659 | D:4      | Reached skill level 5 in Unarmed Combat
  2696 | D:4      | Reached XP level 6. HP: 21/47 MP: 6/6
  2699 | D:4      | Slain by a scorpion

Illustrated notes

Levels and vault maps discovered:
D:1:      lightli_arrival_lavapool, layout_loops_cross,
          dilly_ecumenical_altar_fadedgnrine, minmay_misc_feat_enclosed
D:2:      layout_basic
D:3:      layout_loops_ring
D:4:      layout_basic, lemuel_coloured_pillars_altar, kennysheep_mini,
          nicolae_uskayaw_suspiria, nicolae_gozag_seed_capital,
          gammafunk_temple_overflow_elements, kennysheep_big_empty_room,
          minivault_19, minmay_small_thing

Skill      XL: |  1  2  3  4  5 |
---------------+----------------+-----
Unarmed Combat | 3 4 5 |  5.5
Dodging        | 3 |  3.3
Fighting       | |  3.4
Stealth        | |  0.5

Action                     |  1- 3 |  4- 6 || total
---------------------------+-------+-------++-------
  Melee: Unarmed           |    89 |    39 ||   128
         Kick              |    22 |    14 ||    36
         Tailslap          |       |     6 ||     6
  Throw: Throwing net      |     1 |       ||     1
    Use: Scroll            |       |     2 ||     2
         Potion            |       |     1 ||     1
 Armour: Robe              |     7 |       ||     7
  Dodge: Dodged            |    64 |    22 ||    86
